AoeStats
← Chaos

Arena

508726519Analyzed
4v4 RM · 10d ago on Sep 23, 2026· 78m 29s· 8 players
Game mode
Random Map
Map size
Large (8 player)
Population
200
Speed
Normal
Resources
Standard
Victory
Conquest
Starting age
Dark Age
Ending age
Imperial Age
RankedLock teamsTeams togetherTeam positionsShared explorationLock speedFull tech treeHidden civsTurbo modeCheats
Victory
Defeat
🇬🇧 Vietnamese · United Kingdom
1068
+13
🇬🇧 Vikings · United Kingdom
1050
+13
🇬🇧 Franks · United Kingdom
987
+16
🇬🇧 Persians · United Kingdom
900
+58
🇹🇷 Spanish · Türkiye
1025
-17
🇹🇷 Goths · Türkiye
999
-16
🇫🇮 Vietnamese · Finland
975
-15
🇹🇷 Britons · Türkiye
952
-14
TomJerry
10:32 Feudal Age
14:40 Castle Age
13:02 Horse Collar
13:08 Double-Bit Axe
13:45 Loom
15:22 Wheelbarrow
15:58 Bow Saw
15:49 Heavy Plow
20:00 Hand Cart
19:48 Stone Mining
21:37 Gold Mining
30:08 Imperial Age
27:44 Fletching
27:55 Padded Archer Armor
28:21 Fortified Wall
28:28 Bodkin Arrow
29:14 Masonry
29:25 Ballistics
28:39 Pikeman
29:20 Squires
29:05 Arson
29:37 Leather Archer Armor
29:41 Forging
29:31 Scale Mail Armor
30:42 Chatras
31:55 Chemistry
32:04 Two-Man Saw
31:34 Crop Rotation
32:44 Ring Archer Armor
32:34 Bracer
32:43 Murder Holes
32:57 Halberdier
34:01 Paper Money
34:22 Stone Shaft Mining
34:42 Iron Casting
34:22 Chain Mail Armor
34:53 Chatras
35:58 Bombard Tower
35:45 Elite Rattan Archer
37:20 Plate Mail Armor
36:55 Scale Barding Armor
37:14 Siege Engineers
36:52 Man-at-Arms
36:53 Elite Fire Lancer
37:25 Long Swordsman
38:24 Arrowslits
38:42 Two-Handed Swordsman
39:17 Elite Battle Elephant
40:01 Town Watch
39:52 Champion
43:27 Chain Barding Armor
51:40 Plate Barding Armor
55:59 Cavalier
56:41 Husbandry
56:52 Bloodlines
57:06 Light Cavalry
59:30 Guilds
59:50 Coinage
60:50 Capped Ram
64:10 Sanctity
63:50 Devotion
64:26 Theocracy
63:46 Herbal Medicine
64:33 Banking
67:58 Elite Skirmisher
67:59 Crossbowman
68:44 Thumb Ring
69:37 Caravan
Sürpriz yaparım
10:22 Feudal Age
8:45 Loom
14:07 Castle Age
25:01 Horse Collar
25:07 Double-Bit Axe
27:14 Wheelbarrow
26:35 Stone Mining
26:38 Gold Mining
28:14 Heavy Plow
28:25 Bow Saw
32:07 Hand Cart
35:45 Imperial Age
37:42 Caravan
38:24 Husbandry
39:38 Bloodlines
38:59 Cavalier
41:11 Conscription
41:33 Scale Barding Armor
41:38 Forging
43:16 Chain Barding Armor
45:54 Plate Barding Armor
45:55 Iron Casting
52:06 Elite Skirmisher
53:53 Imperial Skirmisher
59:42 Caravan
62:50 Chemistry
62:10 Ballistics
63:06 Padded Archer Armor
63:16 Fletching
64:45 Thumb Ring
66:55 Bodkin Arrow
67:15 Leather Archer Armor
Erkal
3:26 Loom
10:25 Feudal Age
10:53 Double-Bit Axe
11:03 Horse Collar
16:53 Castle Age
15:49 Stone Mining
24:16 Heavy Plow
28:11 Imperial Age
26:38 Wheelbarrow
26:26 Scale Mail Armor
26:44 Forging
27:33 Anarchy
28:23 Squires
29:16 Conscription
30:07 Perfusion
31:55 Elite Huskarl
33:52 Chain Mail Armor
34:03 Hand Cart
34:03 Bow Saw
34:04 Town Watch
35:37 Crop Rotation
35:57 Iron Casting
37:17 Scale Barding Armor
49:04 Elite Skirmisher
51:11 Padded Archer Armor
51:35 Fletching
53:04 Imperial Skirmisher
63:23 Leather Archer Armor
64:01 Town Patrol
66:21 Bloodlines
65:32 Light Cavalry
66:13 Husbandry
67:34 Ballistics
68:48 Pikeman
68:51 Man-at-Arms
69:53 Long Swordsman
70:22 Two-Handed Swordsman
73:24 Blast Furnace
72:16 Champion
77:42 Ring Archer Armor
Chaos
13:34 Feudal Age
16:03 Horse Collar
16:09 Double-Bit Axe
16:23 Stone Mining
19:15 Castle Age
17:24 Gold Mining
20:45 Heavy Plow
20:57 Bow Saw
25:05 Padded Archer Armor
24:58 Fletching
25:47 Elite Skirmisher
27:03 Ballistics
27:59 Leather Archer Armor
34:28 Imperial Age
32:55 Bodkin Arrow
33:11 Forging
34:40 Elite Longbowman
35:22 Warwolf
35:10 Imperial Skirmisher
37:49 Crossbowman
41:26 Arbalester
44:02 Bracer
44:33 Ring Archer Armor
45:06 Chemistry
44:42 Iron Casting
47:12 Capped Ram
50:42 Blast Furnace
49:44 Scale Mail Armor
49:49 Scale Barding Armor
52:51 Man-at-Arms
53:40 Long Swordsman
54:06 Gambesons
55:30 Two-Handed Swordsman
58:13 Champion
61:44 Wheelbarrow
72:22 Chain Mail Armor
Mr Pink Paws
10:53 Feudal Age
15:18 Castle Age
22:19 Double-Bit Axe
28:22 Gold Mining
29:13 Wheelbarrow
30:36 Hand Cart
32:21 Bow Saw
32:49 Gold Shaft Mining
34:06 Scale Mail Armor
34:16 Forging
33:57 Fletching
36:44 Imperial Age
34:20 Loom
34:09 Pikeman
34:49 Squires
34:35 Arson
35:33 Chain Mail Armor
35:19 Padded Archer Armor
37:02 Elite Throwing Axeman
38:03 Conscription
38:20 Hoardings
38:21 Plate Mail Armor
38:26 Iron Casting
37:47 Bodkin Arrow
38:32 Elite Skirmisher
40:08 Leather Archer Armor
39:18 Imperial Skirmisher
41:46 Blast Furnace
44:28 Halberdier
the lsoer
10:51 Feudal Age
12:09 Double-Bit Axe
14:59 Castle Age
14:25 Double-Bit Axe
17:36 Horse Collar
18:13 Bow Saw
21:43 Loom
22:11 Heavy Plow
22:22 Gold Mining
22:25 Stone Mining
24:45 Gold Shaft Mining
28:30 Imperial Age
26:05 Scale Mail Armor
26:16 Forging
27:09 Chain Mail Armor
26:44 Town Watch
27:12 Squires
26:58 Arson
27:21 Chieftains
29:23 Iron Casting
29:07 Elite Berserk
30:40 Conscription
31:08 Plate Mail Armor
32:06 Blast Furnace
32:03 Town Patrol
53:13 Coinage
55:36 Banking
tepid water
11:41 Feudal Age
13:03 Loom
15:35 Castle Age
14:23 Double-Bit Axe
14:22 Horse Collar
18:31 Bow Saw
18:39 Fletching
18:52 Stone Mining
18:56 Crossbowman
21:54 Heavy Plow
24:11 Bodkin Arrow
26:06 Wheelbarrow
25:58 Padded Archer Armor
26:41 Thumb Ring
32:55 Imperial Age
32:26 Leather Archer Armor
34:34 Bracer
33:56 Elite Skirmisher
37:33 Hand Cart
40:09 Imperial Skirmisher
46:54 Ring Archer Armor
48:23 Two-Man Saw
53:18 Ballistics
53:58 Chemistry
63:08 Scale Mail Armor
GhuL_EviLDead
5:22 Loom
12:42 Feudal Age
17:30 Castle Age
16:56 Double-Bit Axe
19:29 Bow Saw
19:30 Gold Mining
22:02 Wheelbarrow
22:39 Horse Collar
24:45 Stone Mining
24:46 Gold Mining
26:18 Heavy Plow
26:53 Hand Cart
26:25 Town Watch
30:15 Scale Barding Armor
30:22 Forging
34:30 Imperial Age
32:32 Bloodlines
32:23 Husbandry
33:20 Chain Barding Armor
33:36 Iron Casting
35:38 Plate Barding Armor
35:06 Cavalier
38:03 Chemistry
37:23 Ballistics
38:53 Blast Furnace
38:16 Conscription
38:12 Kamandaran
38:07 Fletching
38:18 Padded Archer Armor
39:19 Crossbowman
40:05 Thumb Ring
41:40 Elite Skirmisher
42:19 Bodkin Arrow
42:39 Leather Archer Armor
44:52 Gold Shaft Mining
44:53 Stone Shaft Mining
45:29 Husbandry
44:52 Savar
47:43 Two-Man Saw
47:15 Elite War Elephant
48:56 Imperial Skirmisher
50:03 Light Cavalry
51:50 Ring Archer Armor
55:31 Hussar
59:16 Scale Mail Armor
59:55 Heavy Camel Rider
63:40 Pikeman
64:08 Gambesons
67:48 Halberdier
68:41 Squires
68:30 Arson
71:25 Chain Mail Armor
Connection lost

Rejoining the realm…

Still unreachable

The connection could not be restored.

Session expired

The server has moved on; the page needs a fresh start.